Map: Oxide LE

Players

Nina - Winner!

  • Race: Protoss Protoss

JonSnow

  • Race: Zerg Zerg

Event: DreamHack SC2 Masters 2021 Fall

VOD

Have the link to the VOD?

Description

Time

  • Played on: Aug. 3, 2021, 6:11 p.m.
  • Length: 8:12

All games in this series

Show
View Real Time Build Order
Export as new Build Order

Nina Protoss - Winner!

Build Orders: 1 Gate Expand, Oracle Opening 

Get SALT Encoding   

  12  0:00  Probe  
  13  0:12  Probe  
  14  0:18  Pylon  
  14  0:24  Probe  
  15  0:37  Probe (Chrono Boost)  
  15  0:40  Gateway  
  16  0:46  Probe (Chrono Boost)  
  17  0:51  Probe (Chrono Boost)  
  17  0:52  Assimilator  
  18  1:03  Pylon, Probe  
  19  1:15  Probe  
  20  1:29  Nexus  
  20  1:38  Cybernetics Core  
  20  1:41  Probe  
  21  1:47  Assimilator  
  21  1:53  Probe  
  22  1:56  Pylon  
  22  2:05  Probe (Chrono Boost)  
  23  2:15  Adept (Chrono Boost)  
  25  2:18  Probe (Chrono Boost)  
  25  2:21  Stargate  
  26  2:26  Probe (Chrono Boost)  
  27  2:35  Probe (Chrono Boost)  
  27  2:36  Adept (Chrono Boost)  
  28  2:39  Warp Gate  
  28  2:42  Probe (Chrono Boost)  
  33  2:51  Probe (Chrono Boost)  
  33  2:52  Probe (Chrono Boost)  
  33  2:57  Probe (Chrono Boost)  
  32  2:58  Gateway  
  32  2:59  Probe  
  34  3:09  Oracle (Chrono Boost)  
  34  3:10  Probe  
  38  3:18  Probe  
  39  3:22  Probe  
  39  3:23  Adept  
  42  3:30  Pylon, Probe  
  43  3:34  Probe  
  44  3:42  Probe  
  44  3:43  Void Ray (Chrono Boost)  
  44  3:46  Probe  
  50  3:49  Adept  
  50  3:51  Pylon  
  50  3:54  Probe  
  53  3:58  Probe  
  53  4:10  Probe  
  53  4:17  Probe  
  51  4:20  Assimilator  
  51  4:21  Void Ray  
  51  4:22  Robotics Facility  
  51  4:23  Probe  
  52  4:29  Probe  
  57  4:33  Pylon  
  57  4:35  Probe  
  57  4:36  Nexus  
  58  4:42  Zealot x2  
  62  4:46  Assimilator  
  62  4:48  Pylon  
  62  4:51  Probe x2  
  64  4:56  Shield Battery  
  64  4:59  Pylon  
  64  5:02  Sentry  
  64  5:03  Sentry, Probe  
  64  5:06  Probe  
  70  5:08  Forge  
  70  5:16  Shield Battery  
  70  5:23  Gateway  
  70  5:24  Gateway  
  70  5:27  Sentry x2  
  72  5:31  Gateway  
  72  5:33  Shield Battery  
  72  5:35  Immortal (Chrono Boost)  
  74  5:45  Shield Battery  
  74  5:46  Shield Battery  
  74  5:51  Probe  
  74  5:52  Photon Cannon  
  74  5:54  Stalker  
  77  6:00  Stalker  
  77  6:01  Void Ray  
  79  6:05  Pylon  
  83  6:24  Stalker  
  83  6:25  Stalker x2  
  89  6:28  Stalker x2  
  93  6:35  Gateway  
  93  6:42  Immortal  
  97  6:48  Void Ray, Zealot x3  
  103  6:59  Pylon  
  107  7:02  Zealot  
  107  7:07  Shield Battery, Zealot  
  109  7:13  Zealot x3  
  107  7:18  Immortal  
  101  7:24  Gateway  
  101  7:29  Zealot  
  105  7:30  Zealot  
  105  7:32  Sentry  
  105  7:38  Zealot  
  105  7:39  Zealot  
  91  7:49  Zealot  
  95  7:55  Zealot x2  
Show
View Real Time Build Order
Export as new Build Order

JonSnow Zerg 

Build Orders: Hatch First 

Get SALT Encoding   

  12  0:01  Drone  
  13  0:11  Overlord  
  13  0:16  Drone  
  14  0:30  Drone x2  
  16  0:43  Drone  
  17  0:52  Hatchery  
  16  0:57  Drone  
  16  1:01  Drone  
  18  1:11  Extractor  
  18  1:15  Spawning Pool  
  17  1:18  Drone  
  17  1:21  Drone  
  18  1:30  Drone  
  19  1:42  Drone  
  20  1:49  Overlord  
  20  2:00  Drone  
  21  2:03  Queen  
  21  2:04  Queen, Zergling x2  
  26  2:10  Drone  
  26  2:14  Metabolic Boost  
  27  2:17  Drone  
  27  2:21  Drone  
  29  2:27  Drone  
  30  2:38  Hatchery  
  29  2:46  Drone x3  
  32  2:53  Queen  
  32  2:57  Overlord  
  34  3:02  Queen  
  33  3:20  Zergling x2  
  33  3:21  Zergling x2  
  33  3:23  Drone  
  33  3:24  Drone x3  
  38  3:27  Drone  
  38  3:30  Drone  
  38  3:32  Drone  
  41  3:37  Spore Crawler  
  41  3:38  Queen  
  41  3:40  Overlord  
  42  3:45  Overlord  
  42  3:52  Queen  
  44  3:57  Spore Crawler  
  44  3:59  Drone x2  
  44  4:00  Drone  
  43  4:12  Drone  
  43  4:13  Drone x6  
  48  4:18  Drone x2  
  48  4:21  Drone  
  51  4:28  Roach Warren  
  51  4:30  Drone  
  51  4:31  Drone  
  52  4:37  Zergling x4  
  52  4:38  Zergling x4  
  55  4:43  Queen  
  57  4:46  Overlord  
  57  4:50  Overlord  
  57  4:51  Extractor  
  56  4:53  Overlord  
  56  5:01  Queen  
  58  5:09  Spore Crawler  
  58  5:11  Roach x4  
  63  5:17  Roach x2  
  66  5:33  Zergling x6  
  66  5:34  Zergling x12  
  75  5:39  Overlord  
  75  5:46  Ravager  
  75  5:47  Ravager  
  77  5:50  Ravager  
  77  5:51  Overlord  
  78  5:59  Zergling x16  
  86  6:07  Ravager, Overlord x2  
  86  6:23  Zergling x8, Roach x3  
  87  6:29  Zergling x6  
  87  6:32  Ravager  
  85  6:45  Zergling x2  
  85  6:46  Zergling x10  
  87  6:56  Ravager  
  87  6:57  Queen x2  
  90  7:03  Zergling x4  
  90  7:04  Zergling x4  
  90  7:06  Queen  
  90  7:14  Zergling x6  
  90  7:19  Roach x2  
  90  7:20  Ravager x2  
  95  7:23  Zergling x2  
  92  7:37  Roach x3  
  84  7:47  Roach  
  84  7:48  Roach x2  

Tags
 
Add a new tag
Caveats
  • Supply blocks, unpowered buildings, or Contaminate may cause inaccurate times.
  • Supply counts are checked every 10 seconds.